 Dungeon Crawl Stone Soup version 0.26-a0-664-gc8b27b8fc1 (webtiles) character file.

Game seed: 18287923790595304821

208 PentaManta the Vandal (level 5, -21/27 HPs)
             Began as a Spriggan Abyssal Knight on Oct 12, 2020.
             Was a Believer of Lugonu.
             Demolished by Menkaure (23 damage)
             ... on level 4 of the Dungeon on Oct 13, 2020.
             The game lasted 00:10:49 (4950 turns).

PentaManta the Vandal (Spriggan Abyssal Knight)     Turns: 4950, Time: 00:10:49

Health: -21/27     AC:  3    Str:  8    XL:     5   Next: 55%
Magic:  7/7        EV: 20    Int: 14    God:    Lugonu [**....]
Gold:   123        SH:  0    Dex: 16    Spells: 4/4 levels left

rFire    . . .     SeeInvis +   a - +1 short sword
rCold    . . .     Faith    .   (shield restricted)
rNeg     . . .     Spirit   .   j - +1 robe
rPois    +         Reflect  .   (helmet restricted)
rElec    .         Harm     .   (no cloak)
rCorr    .         Rampage  .   (gloves unavailable)
MR       .....                  (boots unavailable)
Stlth    ++........             (no amulet)
HPRegen  0.09/turn              (no ring)
MPRegen  0.10/turn              c - ring of poison resistance

@: very quick
A: very small, unfitting armour, see invisible, speed 3
a: Depart the Abyss, Bend Space, Renounce Religion


You were on level 4 of the Dungeon.
You worshipped Lugonu.
Lugonu was pleased with you.
You visited 1 branch of the dungeon, and saw 4 of its levels.
You visited the Abyss 1 time.

You collected 123 gold pieces.

Inventory:

Hand Weapons
 a - a +1 short sword (weapon)
 e - a +1 fustibalus
 l - a +0 dagger
Missiles
 f - 56 stones
 i - 4 poisoned darts (quivered)
Armour
 j - a +1 robe (worn)
Jewellery
 c - a ring of poison resistance (right hand)
Scrolls
 b - 2 scrolls of fog
 m - a scroll of identify
 o - a scroll of teleportation {unknown}
Potions
 d - 2 potions of flight
 g - a potion of curing
 h - 3 potions of haste {unknown}
 k - 2 potions of might
 n - 2 potions of brilliance {unknown}


   Skills:
 - Level 2.4 Fighting
 - Level 2.8 Short Blades
 + Level 4.9 Slings
 - Level 4.7 Dodging
 - Level 3.1 Stealth
 - Level 1.7 Invocations


You had 4 spell levels left.
You didn't know any spells.
Your spell library was empty.

Dungeon Overview and Level Annotations

Branches:
Dungeon (4/15)
 Temple: D:4-7

Altars:
Qazlal

Annotations:
D:4 Menkaure


Innate Abilities, Weirdness & Mutations

You are very small and have problems with some larger weapons.
You are too small for most types of armour.
You have supernaturally acute eyesight. (SInv)
You cover ground extremely quickly.


Message History

Menkaure completely misses you.
You hit Menkaure but do no damage.
Menkaure is heavily damaged.
Menkaure misses you.
You barely miss Menkaure.
Menkaure is heavily damaged.
You hit Menkaure.
Menkaure is severely damaged.
Menkaure gestures wildly while chanting.
Menkaure seems to speed up.
You hit Menkaure but do no damage.
Menkaure is severely damaged.
Menkaure hits you!!
Ouch! That really hurt!
* * * LOW HITPOINT WARNING * * *
You barely miss Menkaure.
Menkaure is severely damaged.
Menkaure closely misses you. Menkaure hits you!!
Ouch! That really hurt!
You die...

.......# .......#
.......# .......##
##### ...<....#
#...# ..[...#.)#
#[..# .......#.
#...#
.......##..###..<#
.......# #......@#
..<....# #####..M#
.......# ##.....#
.......# #..#...#
.....#.## #.##...#
)..$....###.##...#
.....BMh##..######
..#..#.#..##
......?...##


You could see Menkaure (fast).

Vanquished Creatures
  A hound (D:3)
  A worker ant (D:3)
  A hound skeleton (D:2)
  3 adders (D:2)
  2 gnolls (D:3)
  An adder skeleton (D:4)
  4 worms (D:3)
  A dart slug (D:1)
  4 leopard geckos
  2 orcs (D:3)
  7 bats
  3 giant cockroaches
  6 goblins
  10 hobgoblins
  2 quokkas
  9 frilled lizards
  13 kobolds
  7 rats
77 creatures vanquished.

Vanquished Creatures (others)
  3 plants (D:3)
3 creatures vanquished.

Grand Total: 80 creatures vanquished

Notes
Turn   | Place    | Note
-------+----------+-------------------------------------------
     0 | Abyss:1  | PentaManta the Spriggan Abyssal Knight began the quest for
                  | the Orb.
     0 | Abyss:1  | Reached XP level 1. HP: 11/11 MP: 3/3
    89 | Abyss:2  | Noticed a thrashing horror
   114 | Abyss:3  | Noticed a small abomination
   124 | Abyss:3  | Noticed a small abomination
   152 | Abyss:3  | Noticed a spatial vortex
   155 | Abyss:3  | Noticed a spatial vortex
   155 | Abyss:3  | Noticed a spatial vortex
   166 | D:1      | Escaped the Abyss
   257 | D:1      | Reached skill level 1 in Stealth
   638 | D:2      | Reached XP level 2. HP: 16/16 MP: 4/4
   779 | D:1      | Reached * piety under Lugonu
  1435 | D:1      | Reached XP level 3. HP: 19/19 MP: 5/5
  1456 | D:1      | Reached skill level 1 in Slings
  2235 | D:2      | Reached XP level 4. HP: 23/23 MP: 6/6
  2739 | D:3      | Reached ** piety under Lugonu
  2971 | D:3      | Found a stormy altar of Qazlal.
  3725 | D:4      | Noticed Menkaure
  4609 | D:3      | Reached XP level 5. HP: 19/27 MP: 7/7
  4720 | D:3      | HP: 1/27 [worker ant (7)]
  4950 | D:4      | Demolished by Menkaure

Illustrated notes

Levels and vault maps discovered:
D:1:      minmay_arrival_wavy_path, layout_loops_ring
D:2:      layout_basic
D:3:      corexii_shack_village, layout_basic, nicolae_overflow_crystal_walls,
          cheibrodos_sewer_entry_bend
D:4:      layout_rooms, uniq_natasha, uniq_menkaure

Skill      XL: |  1  2  3  4 |
---------------+-------------+-----
Stealth        | 1 2 3 |  3.1
Dodging        | 4 |  4.7
Slings         | 1 4 |  4.9
Fighting       | |  2.4
Short Blades   | |  2.8
Invocations    | |  1.7

Action                   |  1- 3 |  4- 6 || total
-------------------------+-------+-------++-------
Melee: Short sword       |   132 |   242 ||   374
 Fire: Fustibalus        |     5 |     6 ||    11
Throw: Stone             |       |     3 ||     3
       Dart              |       |     8 ||     8
Invok: Depart the Abyss  |     1 |       ||     1
       Bend Space        |       |     1 ||     1
  Use: Scroll            |     7 |     3 ||    10
       Potion            |     1 |     3 ||     4
 Stab: Sleeping          |     2 |     2 ||     4
Armor: Robe              |    11 |     9 ||    20
Dodge: Dodged            |   132 |   178 ||   310

Table legend: (Time is in decaauts)
 A = Elapsed time spent in this place.
 B = Non-inter-level travel time spent in this place.
 C = Inter-level travel time spent in this place.
 D = Time resting spent in this place.
 E = Time spent auto-exploring this place.
 F = Levels seen in this place.
 G = Mean time per level.
                   A        B        C        D        E       F      G
               +--------+--------+--------+--------+--------+-----+--------+
         Total |   4111 |   4055 |     56 |   1377 |   1702 |   7 |  587.3 |
       Dungeon |   4007 |   3951 |     56 |   1377 |   1702 |   4 | 1001.8 |
         Abyss |    104 |    104 |      0 |      0 |      0 |   3 |   34.7 |
               +--------+--------+--------+--------+--------+-----+--------+

Top non-repeatable levels by time:
     D:3: 1710 daAuts
     D:2: 1439 daAuts
     D:1: 802 daAuts
     D:4: 54 daAuts
 Abyss:3: 45 daAuts
 Abyss:2: 29 daAuts
 Abyss:1: 28 daAuts
